 Dungeon Sprint DCSS version 0.20.1-1-g8b1a95d (webtiles) character file.

708 JustSomeDude the Carver (level 7, -1/64 HPs)
             Began as a Demonspawn Monk on Aug 27, 2017.
             Was a Priest of Jiyva.
             Shot with an arrow by a centaur warrior (12 damage)
             ... in the Dungeon (Sprint I: "Red Sonja").
             The game lasted 00:04:46 (830 turns).

JustSomeDude the Carver (Demonspawn Monk)            Turns: 830, Time: 00:04:47

Health: -1/64      AC:  4    Str: 19    XL:     7   Next: 40%
Magic:  5/7        EV: 17    Int: 11    God:    Jiyva [***...]
Gold:   188        SH:  0    Dex: 15    Spells: 6/6 levels left

rFire    . . .     SeeInvis .   a - +0 falchion
rCold    . . .     Gourm    .   (no shield)
rNeg     . . .     Faith    .   b - +0 robe
rPois    .         Spirit   .   (no helmet)
rElec    .         Reflect  .   (no cloak)
rCorr    +         Harm     .   (no gloves)
MR       .....     NoTele   +   (no boots)
Stlth    +++.......             (no amulet)
Regen    0.2/turn               (no ring)
MPRegen  0.1/turn               (no ring)

@: mighty, hasted, very quick
A: hooves 1, molten scales 1, demonic guardian 1
a: Request Jelly, Renounce Religion


You were in the Dungeon.
You worshipped Jiyva.
Jiyva was most pleased with you.
You were not hungry.

You visited 1 branch You collected 405 gold pieces.
You spent 217 gold pieces at shops.

Inventory:

Hand Weapons
 a - a +0 falchion (weapon)
Missiles
 j - 5 poisoned javelins (quivered)
Armour
 b - a +0 robe (worn)
Scrolls
 d - a scroll of remove curse {unknown}
 e - a scroll of fear
 i - a scroll of blinking
Potions
 g - 2 potions of magic
Comestibles
 c - a bread ration


   Skills:
 + Level 9.4 Fighting
 + Level 9.5 Long Blades
 + Level 7.8 Dodging
 + Level 5.1 Stealth


You had 6 spell levels left.
You didn't know any spells.

Dungeon Overview and Level Annotations

Branches:
Dungeon (1/1)

Altars:
Cheibriados
Dithmenos
Elyvilon
Fedhas
Gozag
Hepliaklqana
Kikubaaqudgha
Makhleb
Nemelex Xobeh
Okawaru
Qazlal
Ru
Sif Muna
Trog
Uskayaw
Vehumet
Xom
Yredelemnul
Zin
The Shining One
Jiyva
Lugonu

Shops:
D *


Innate Abilities, Weirdness & Mutations

You have large cloven feet.
You are partially covered in molten scales. (AC +2)
A weak demonic guardian rushes to your aid.


Message History

You feel yourself speed up.
The centaur warrior shoots an arrow.
The arrow hits you.
You feel very mighty all of a sudden.
The centaur warrior shoots an arrow.
The arrow barely misses you.
Okay, then.
You barely miss the hornet. Your kick misses the hornet.
The hornet is heavily wounded.
The hornet barely misses you.
You slash the hornet!
You kill the hornet!
Your Stealth skill increases to level 5!
The centaur warrior wields a shortbow.
The centaur warrior shoots an arrow.
The arrow hits you!
* * * LOW HITPOINT WARNING * * *
Things that are here:
3 arrows; a hornet corpse You hit the centaur warrior.
You kick the centaur warrior.
The centaur warrior is heavily wounded.
The centaur warrior shoots an arrow.
The arrow hits you!
You die...

######################
#<.#.['..#..'..#__#..+
#..'..#.)').#..'^.+..#
#..#####+#####.#__####
#..####..#J.(#.####
#..#__####c@##.#c§§
#..#_____##(#..§≈§§
#⌠⌠#_.∩...'c(._#
####_..__##_.#'#
#_____###+#(# #######
###


You could see 2 centaur warriors and a neutral jelly (fellow slime).

Vanquished Creatures
  A hornet (D)
  A slime creature (D)
  Sigmund (D)
  A yak (D)
  An ogre (D)
  A jelly (D)
  Ijyb (D)
7 creatures vanquished.

Vanquished Creatures (others)
  A hornet (D)
  3 jellies (D)
4 creatures vanquished.

Grand Total: 11 creatures vanquished

Notes
Turn   | Place    | Note
-------+----------+-------------------------------------------
     0 | D        | JustSomeDude the Demonspawn Monk began the quest for the Orb.
     0 | D        | Reached XP level 1. HP: 18/18 MP: 1/1
     1 | D        | Noticed Ijyb
    16 | D        | Killed Ijyb
    16 | D        | Gained mutation: You have large cloven feet. [demonic ancestry]
    16 | D        | Reached XP level 2. HP: 13/26 MP: 2/2
   178 | D        | Noticed an ogre
   188 | D        | Killed an ogre
   188 | D        | Reached skill level 5 in Long Blades
   188 | D        | Reached XP level 3. HP: 34/34 MP: 3/3
   188 | D        | Reached XP level 4. HP: 40/40 MP: 4/4
   231 | D        | Noticed Sigmund
   290 | D        | Killed Sigmund
   290 | D        | Gained mutation: You are partially covered in molten scales. (AC +2) [demonic ancestry]
   290 | D        | Reached XP level 5. HP: 23/49 MP: 5/5
   290 | D        | Reached XP level 6. HP: 26/56 MP: 6/6
   468 | D        | Found a deep blue altar of Sif Muna.
   470 | D        | Found a radiant altar of Vehumet.
   517 | D        | Found a burning altar of Makhleb.
   517 | D        | Found a viscous altar of Jiyva.
   517 | D        | Found a shimmering altar of Xom.
   517 | D        | Found a corrupted altar of Lugonu.
   517 | D        | Noticed a slime creature
   535 | D        | Killed a slime creature
   741 | D        | Became a worshipper of Jiyva Juppo the Shapeless
   741 | D        | Reached * piety under Jiyva
   741 | D        | Reached ** piety under Jiyva
   743 | D        | Killed a hornet
   765 | D        | Found Ethrirhudgh's General Store.
   765 | D        | Found an ancient bone altar of Kikubaaqudgha.
   765 | D        | Found a stormy altar of Qazlal.
   765 | D        | Found a blossoming altar of Fedhas.
   765 | D        | Found a bloodstained altar of Trog.
   765 | D        | Found an iron altar of Okawaru.
   765 | D        | Found a glowing golden altar of the Shining One.
   765 | D        | Found a glowing silver altar of Zin.
   765 | D        | Found a white marble altar of Elyvilon.
   765 | D        | Noticed a yak
   766 | D        | Found a hazy altar of Hepliaklqana.
   766 | D        | Found a hide-covered altar of Uskayaw.
   766 | D        | Found a basalt altar of Yredelemnul.
   766 | D        | Found an opulent altar of Gozag.
   766 | D        | Found a snail-covered altar of Cheibriados.
   766 | D        | Found a sacrificial altar of Ru.
   766 | D        | Found a shadowy altar of Dithmenos.
   777 | D        | Killed a yak
   777 | D        | Gained mutation: A weak demonic guardian rushes to your aid. [demonic ancestry]
   777 | D        | Reached XP level 7. HP: 49/64 MP: 7/7
   778 | D        | Found a sparkling altar of Nemelex Xobeh.
   782 | D        | Bought a scroll of fear for 49 gold pieces
   782 | D        | Bought a potion of might for 56 gold pieces
   782 | D        | Bought 5 poisoned javelins for 112 gold pieces
   792 | D        | Reached *** piety under Jiyva
   796 | D        | Noticed a centaur warrior
   819 | D        | Noticed a centaur warrior
   822 | D        | Noticed a hornet
   828 | D        | Killed a hornet
   828 | D        | Reached skill level 5 in Stealth
   830 | D        | Shot with an arrow by a centaur warrior

Skill      XL: |  1  2  3  4  5  6  7 |
---------------+----------------------+-----
Fighting       | 4 6 7 9 |  9.4
Long Blades    | 4 5 7 9 |  9.5
Dodging        | 3 4 6 7 |  7.8
Stealth        | 2 3 4 5 |  5.1

Action                   |  1- 3 |  4- 6 |  7- 9 || total
-------------------------+-------+-------+-------++-------
Melee: Falchion          |    20 |    41 |     5 ||    66
       Kick              |     2 |    19 |     3 ||    24
Invok: Request Jelly     |       |       |     1 ||     1
  Use: Potion            |     1 |     2 |     2 ||     5
 Stab: Sleeping          |     2 |     1 |       ||     3
Armor: Robe              |       |     2 |       ||     2
Dodge: Dodged            |    13 |    19 |     3 ||    35
       Rpst.: Falchion   |     2 |     5 |       ||     7
